 Dungeon Crawl Stone Soup version 0.22.1-1-ga44c0e5 (webtiles) character file.

4356 MalarOregon the Blocker (level 10, 0/77 HPs)
             Began as a Minotaur Fighter on Sept 22, 2018.
             Was an Initiate of Yredelemnul.
             Slain by a sky beast (6 damage)
             ... on level 8 of the Dungeon on Sept 23, 2018.
             The game lasted 00:20:54 (8380 turns).

MalarOregon the Blocker (Minotaur Fighter)          Turns: 8380, Time: 00:20:55

Health: 0/77       AC: 13    Str: 21    XL:     10   Next: 12%
Magic:  9/9        EV: 14    Int:  8    God:    Yredelemnul [......]
Gold:   474        SH: 13    Dex: 15    Spells: 9/9 levels left

rFire    + . .     SeeInvis .   a - +1 long sword
rCold    . . .     Gourm    +   c - +0 shield
rNeg     . . .     Faith    .   m - +5 scale mail {rPois}
rPois    +         Spirit   .   (helmet restricted)
rElec    .         Reflect  .   (no cloak)
rCorr    .         Harm     .   (no gloves)
MR       .....                  j - +0 pair of boots
Stlth    +.........             E - amulet of the gourmand
HPRegen  0.22/turn              i - ring of protection from fire
MPRegen  0.11/turn              (no ring)

@: agile, drained
A: retaliatory headbutt, horns 2
a: Renounce Religion


You were on level 8 of the Dungeon.
You worshipped Yredelemnul.
Yredelemnul was noncommittal.
You were near starving.

You visited 2 branches of the dungeon, and saw 10 of its levels.

You collected 474 gold pieces.

Inventory:

Hand Weapons
 a - a +1 long sword (weapon)
Missiles
 A - a throwing net (quivered) {!f}
Armour
 c - a +0 shield (worn)
 j - a +0 pair of boots (worn)
   (You found it on level 1 of the Dungeon)
 m - a +5 scale mail of poison resistance (worn)
   (You took it off Terence on level 2 of the Dungeon)
Magical Staves
 r - an uncursed staff of power {unknown}
   (You found it on level 6 of the Dungeon)
Jewellery
 i - a ring of protection from fire (left hand)
   (You found it on level 7 of the Dungeon)
 n - an uncursed ring of ice
   (You found it on level 3 of the Dungeon)
 E - an amulet of the gourmand (around neck)
   (You found it on level 8 of the Dungeon)
Wands
 g - a wand of polymorph (7)
   (You took it off Terence on level 2 of the Dungeon)
 v - a wand of enslavement (14)
   (You found it on level 6 of the Dungeon)
Scrolls
 f - a scroll of enchant weapon
 p - 2 scrolls of teleportation {@r4}
 t - 5 scrolls of remove curse {@r2}
 u - 3 scrolls of immolation {!r}
 w - a scroll of blinking
Potions
 b - 2 potions of resistance
 h - 2 potions of mutation {!q}
 k - 2 potions of brilliance
 o - a potion of magic
 q - 2 potions of heal wounds {@q2}
 s - a potion of ambrosia
 x - 2 potions of haste {@q3}
 y - a potion of lignification {!q}
Miscellaneous
 z - a phial of floods
   (You found it on level 7 of the Dungeon)
Comestibles
 e - 19 rations {!d}


   Skills:
 - Level 3.6(3.5) Fighting
 + Level 12.3(12.2) Long Blades
 - Level 3.6(3.5) Armour
 + Level 12.6(12.4) Shields


You had 9 spell levels left.
You didn't know any spells.
Your spell library contained the following spells:

 Spells                   Type           Power        Failure   Level  Hunger
 Corona                   Hex            #......      85%         1    ##.....
 Ensorcelled Hibernation  Hex/Ice        #.....       94%         2    ###....
 Confuse                  Hex            #.......     99%         3    ####...
 Dazzling Spray           Conj/Hex       #.....       99%         3    ####...
 Tukima's Dance           Hex            #.......     99%         3    ####...


Dungeon Overview and Level Annotations

Branches:
Dungeon (9/15)             Temple (1/1) D:5
   Lair: D:8-11         Orc: D:9-12

Altars:
Ashenzari
Cheibriados
Dithmenos
Elyvilon
Fedhas
Gozag
Hepliaklqana
Kikubaaqudgha
Makhleb
Nemelex Xobeh
Okawaru
Qazlal
Ru
Sif Muna
Trog
Uskayaw
Vehumet
Wu Jian
Xom
Yredelemnul
Zin
The Shining One


Innate Abilities, Weirdness & Mutations

You reflexively headbutt those who attack you in melee.
You have a pair of horns on your head.


Message History

The two-headed ogre shouts in stereo!
The sky beast flickers out of sight!
Deactivating autopickup; reactivate with Ctrl-A.
The two-headed ogre barely misses you.
You riposte.
You hit the two-headed ogre.
The two-headed ogre hits you with a giant club!
Found a scroll of remove curse.
There is a stone staircase leading up, spattered with blood here.
You block the two-headed ogre's attack.
The two-headed ogre hits you with a giant club!
Something hits you but does no damage.
You climb upwards.
There is a stone staircase leading down here.
You hit the two-headed ogre.
The two-headed ogre hits you with a giant club!!
* * * LOW HITPOINT WARNING * * *
The two-headed ogre hits you with a giant club!
* * * LOW HITPOINT WARNING * * *
Unknown command.
You feel agile all of a sudden. Something hits you but does no damage.
You slash the two-headed ogre!
Your headbutt misses the two-headed ogre.
Something hits you but does no damage. The two-headed ogre closely misses you.
You furiously retaliate!
You headbutt the two-headed ogre. The two-headed ogre closely misses you.
You slash the two-headed ogre! Something hits you but does no damage.
The two-headed ogre closely misses you. You block the two-headed ogre's attack.
You hit the two-headed ogre but do no damage.
Something hits you.
* * * LOW HITPOINT WARNING * * *
Something shocks you.
* * * LOW HITPOINT WARNING * * *
You hit the two-headed ogre but do no damage.
Your headbutt misses the two-headed ogre.
You block the two-headed ogre's attack.
The two-headed ogre hits you with a giant club!
* * * LOW HITPOINT WARNING * * *
You block something's attack.
You completely miss the two-headed ogre.
Your headbutt misses the two-headed ogre.
The two-headed ogre hits you with a giant club.
* * * LOW HITPOINT WARNING * * *
The two-headed ogre completely misses you.
Something hits you.
* * * LOW HITPOINT WARNING * * *
Something shocks you.
You die...
Your body rises from the dead as a mindless zombie.

##################
#..........)....[.
#.################
#.# #.# #.#
#{################
#@O...............
#.################
#####.## #.....<#
#......#
#......####
#......'..#
#......##)#
#....>.##.#


You could see a two-headed ogre.

Vanquished Creatures
  The ghost of Curus the Spear-Bearer, a novice MiBe of Trog (D:7)
  A spriggan (D:7)
  Eustachio (D:4)
  Duvessa (D:7)
  An ice beast (D:7)
  A black bear (D:4)
  3 phantoms
  6 ogres
  Blork the orc (D:5)
  6 bullfrogs
  A gnoll sergeant (D:6)
  Dowan (D:7)
  2 scorpions
  A water moccasin skeleton (D:7)
  A wyvern skeleton (D:7)
  9 killer bees
  A jelly (D:5)
  3 wights (D:8)
  A howler monkey (D:4)
  3 crimson imps
  5 hounds
  An orc priest (D:6)
  A gnoll shaman (D:6)
  A bullfrog skeleton (D:6)
  A centaur skeleton (D:6)
  Terence (D:2)
  4 iguanas
  An orc wizard (D:8)
  4 worker ants
  A worker ant zombie (D:8)
  20 gnolls
  16 adders
  A shadow imp (D:8)
  3 oozes
  An adder zombie (D:7)
  5 worms
  3 dart slugs
  3 leopard geckos
  6 orcs
  5 giant cockroaches
  11 goblins
  10 hobgoblins
  4 jackals (D:6)
  6 quokkas
  5 ball pythons
  11 bats
  5 frilled lizards
  A giant cockroach zombie (D:5)
  9 kobolds
  A quokka skeleton (D:4)
  14 rats
  2 plants (D:5)
207 creatures vanquished.

Vanquished Creatures (others)
  7 plants (D:5)
7 creatures vanquished.

Grand Total: 214 creatures vanquished

Notes
Turn   | Place    | Note
-------+----------+-------------------------------------------
     0 | D:1      | MalarOregon the Minotaur Fighter began the quest for the
                  | Orb.
     0 | D:1      | Reached XP level 1. HP: 19/19 MP: 0/0
    97 | D:1      | Reached XP level 2. HP: 26/26 MP: 1/1
   494 | D:1      | Reached XP level 3. HP: 31/31 MP: 2/2
   921 | D:2      | Noticed Terence
   937 | D:2      | Killed Terence
  1170 | D:2      | Reached XP level 4. HP: 39/39 MP: 3/3
  1179 | D:2      | Reached skill level 5 in Shields
  1602 | D:2      | Reached XP level 5. HP: 45/45 MP: 4/4
  1659 | D:2      | Reached skill level 5 in Long Blades
  2660 | D:3      | Found a stormy altar of Qazlal.
  2661 | D:3      | Noticed an air elemental
  2661 | D:3      | Noticed a water elemental
  2661 | D:3      | Noticed a fire elemental
  3000 | D:4      | Reached XP level 6. HP: 51/51 MP: 5/5
  3078 | D:4      | Noticed Eustachio
  3094 | D:4      | Killed Eustachio
  3094 | D:4      | Reached XP level 7. HP: 57/57 MP: 6/6
  3780 | D:5      | Entered Level 5 of the Dungeon
  3884 | D:5      | Noticed Blork the orc
  3891 | D:5      | Killed Blork the orc
  3989 | D:5      | Reached XP level 8. HP: 64/64 MP: 7/7
  4061 | D:5      | Found a hazy altar of Hepliaklqana.
  4097 | D:5      | Found a snail-covered altar of Cheibriados.
  4170 | D:5      | Found a staircase to the Ecumenical Temple.
  4528 | D:5      | Found a sacrificial altar of Ru.
  4681 | D:6      | Found a white marble altar of Elyvilon.
  4823 | D:6      | Reached skill level 10 in Shields
  5142 | D:6      | Reached skill level 10 in Long Blades
  5436 | D:6      | Reached XP level 9. HP: 30/70 MP: 8/8
  5794 | D:7      | Noticed Dowan
  5795 | D:7      | Noticed Duvessa
  5812 | D:7      | Killed Duvessa
  5814 | D:7      | Killed Dowan
  6487 | D:7      | Found a runed door.
  6614 | D:7      | Noticed Curus's ghost (novice MiBe)
  6657 | D:7      | Killed Curus's ghost
  7271 | D:8      | Reached XP level 10. HP: 32/77 MP: 9/9
  7666 | D:8      | Found a white marble altar of Elyvilon.
  7992 | Temple   | Entered the Ecumenical Temple
  8226 | Temple   | Became a worshipper of Yredelemnul the Dark
  8371 | D:9      | Noticed a two-headed ogre
  8380 | D:8      | Slain by a sky beast

Skill      XL: |  1  2  3  4  5  6  7  8  9 |
---------------+----------------------------+-----
Shields        | 4 5 6 7 8 10 12 | 12.6
Long Blades    | 3 4 5 6 8 10 12 | 12.3
Fighting       | |  3.6
Armour         | |  3.6

Action                   |  1- 3 |  4- 6 |  7- 9 | 10-12 || total
-------------------------+-------+-------+-------+-------++-------
Melee: Long sword        |    83 |   184 |   470 |    54 ||   791
       Headbutt          |     7 |    23 |    76 |    10 ||   116
  Use: Scroll            |     4 |     7 |     5 |     4 ||    20
       Potion            |       |     1 |     1 |     1 ||     3
  Eat: Chunk             |     1 |     6 |    14 |     2 ||    23
Armor: Scale mail        |    23 |    70 |   128 |    19 ||   240
       Skin              |     1 |       |       |       ||     1
Dodge: Dodged            |    32 |    47 |    96 |    14 ||   189
Block: Shield            |    49 |    87 |   207 |    15 ||   358
       Rpst.: Long sword |     7 |    14 |    22 |     2 ||    45
